 Dungeon Crawl Stone Soup version 0.28-a0-1567-g1695149f81 (webtiles) character file.

Game seed: 7479142379078081887

52226 miscthings the Spear-Bearer (level 13, -23/111 HPs)
             Began as a Demigod Artificer on Jan 19, 2022.
             Annihilated by a radroach (64 damage)
             ... on level 12 of the Dungeon.
             The game lasted 00:55:04 (21665 turns).

miscthings the Spear-Bearer (Demigod Artificer)    Turns: 21665, Time: 00:55:05

Health: -23/111    AC: 12    Str: 25    XL:     13   Next: 93%
Magic:  17/17      EV: 21    Int: 19    God:
Gold:   938        SH:  5    Dex: 18    Spells: 11/12 levels left

rFire   . . .      SeeInvis .   E - +6 spear "Orb Guardian's Bane" {venom, rC+ Will- rCorr Stlth+}
rCold   + . .      Faith    .   K - +0 buckler
rNeg    . . .      Spirit   .   f - +3 leather armour of Hedge Wizardry {Will+}
rPois   .          Reflect  .   N - +0 helmet of Uskayaw's Approval {Int+6}
rElec   .          Harm     .   B - +1 cloak
rCorr   +          Rampage  .   T - +0 pair of gloves
Will    ++...                   S - +0 pair of boots
Stlth   +++++.....              R - amulet of regeneration
HPRegen 1.08/turn               c - ring of willpower
MPRegen 0.15/turn               I - +4 ring of evasion

@: no status effects
A: high mp 2, forlorn, divine attributes, deformed body
a: no special abilities


You were on level 12 of the Dungeon.
You visited 3 branches of the dungeon, and saw 19 of its levels.

You collected 1498 gold pieces.
You spent 560 gold pieces at shops.

Inventory:

Hand Weapons
 k - a +0 vampiric demon trident
 E - the +6 spear "Orb Guardian's Bane" (weapon) {venom, rC+ Will- rCorr Stlth+}
   (You bought it in a shop on level 4 of the Dungeon)

   It poisons the flesh of those it strikes.
   rC:        It protects you from cold.
   rCorr:     It protects you from acid and corrosion.
   Will:      It decreases your willpower.
   Stlth:     It makes you more stealthy.
Missiles
 u - 2 throwing nets
 M - 6 javelins (quivered)
 V - a curare-tipped dart
Armour
 f - the +3 leather armour of Hedge Wizardry (worn) {Will+}
   (You found it on level 7 of the Dungeon)

   Will:      It increases your willpower.
 g - a +0 troll leather armour
 B - a +1 cloak (worn)
 K - a +0 buckler (worn)
 N - the +0 helmet of Uskayaw's Approval (worn) {Int+6}
   (You bought it in a shop on level 10 of the Dungeon)

   Int:       It affects your intelligence (+6).
 S - a +0 pair of boots (worn)
 T - a +0 pair of gloves (worn)
 Z - a +1 robe of resistance
Jewellery
 c - a ring of willpower (left hand)
 m - a ring of poison resistance
 p - a ring of positive energy
 x - a ring of protection from cold
 y - an amulet of reflection
 D - a ring of see invisible
 I - a +4 ring of evasion (right hand)
 R - an amulet of regeneration (around neck)
Wands
 d - a wand of charming (1)
 h - a wand of polymorph (5)
 s - a wand of flame (23)
 w - a wand of iceblast (7)
 Y - a wand of mindburst (4)
Scrolls
 i - 4 scrolls of blinking
 l - 3 scrolls of teleportation
 o - a scroll of vulnerability {unknown}
 q - a scroll of fear
 t - a scroll of fog
 G - a scroll of torment {unknown}
 H - 2 scrolls of enchant armour
 O - 2 scrolls of immolation {unknown}
 Q - 4 scrolls of magic mapping
 U - a scroll of holy word {unknown}
Potions
 a - 3 potions of invisibility
 b - 3 potions of attraction
 j - 3 potions of mutation
 n - 5 potions of flight
 r - 7 potions of curing
 v - a potion of cancellation
 z - 3 potions of brilliance
 A - 4 potions of heal wounds
 C - 5 potions of haste
 F - 2 potions of berserk rage
 L - 2 potions of lignification
 P - 3 potions of might
 X - a potion of magic {unknown}
Miscellaneous
 e - a piece from Xom's chessboard (6/15)


   Skills:
 + Level 9.1 Fighting
 - Level 12.0 Polearms
 - Level 4.0 Throwing
 + Level 9.3 Armour
 + Level 9.1 Dodging
 + Level 7.6 Stealth
 - Level 4.0 Shields
 + Level 9.6 Evocations


You had 11 spell levels left.
You knew the following spells:

 Your Spells              Type           Power      Damage    Failure   Level
a - Animate Skeleton      Necr           0%         N/A       30%         1

Your spell library contained the following spells:

 Spells                   Type           Power      Damage    Failure   Level
 Apportation              Tloc           0%         N/A       30%         1
 Magic Dart               Conj           0%         1d3       30%         1
 Pain                     Necr           0%         1d4       30%         1
 Summon Small Mammal      Summ           0%         N/A       30%         1
 Call Imp                 Summ           0%         N/A       41%         2
 Gell's Gravitas          Tloc           0%         N/A       65%         3
 Ignite Poison            Fire/Tmut/Pois 0%         N/A       65%         3
 Mephitic Cloud           Conj/Pois/Air  0%         N/A       65%         3
 Teleport Other           Tloc           0%         N/A       65%         3
 Iskenderun's Mystic Bla  Conj/Tloc      0%         2d3       96%         4
 Olgreb's Toxic Radiance  Pois           0%         N/A       96%         4
 Agony                    Necr           0%         N/A       100%        5
 Excruciating Wounds      Necr           0%         N/A       100%        5
 Fireball                 Conj/Fire      0%         3d3       100%        5
 Iskenderun's Battlesphe  Conj           0%         2d6       100%        5
 Dispersal                Tloc           0%         N/A       100%        6
 Iron Shot                Conj/Erth      0%         9d1       100%        6
 Starburst                Conj/Fire      0%         6d3       100%        6
 Malign Gateway           Summ/Tloc      0%         N/A       100%        7
 Spellforged Servitor     Conj/Summ      0%         N/A       100%        7
 Disjunction              Tloc           0%         N/A       100%        8
 Ignition                 Fire           0%         3d3       100%        8


Dungeon Overview and Level Annotations

Branches:
Dungeon (12/15)            Temple (0/1) D:6            Lair (6/6) D:10
 Shoals (0/4) Lair:2        Snake (0/4) Lair:2        Slime (0/5) Lair:6
    Orc (1/2) D:12

Shops:
D:3 =   D:4 (   D:10 *![*[

Annotations:
D:7 2 transporters, Bediveer's ghost, novice MiFi
D:11 kaffeinatedkobold's ghost, journeyman TrHu


Innate Abilities, Weirdness & Mutations

You have a considerably increased reservoir of magic. (+20% MP)
You shall have no god before yourself.
Your divine heritage dramatically boosts your attributes as you level up.
Armour fits poorly on your strangely shaped body.


Message History

You barely miss the radroach.
The radroach is moderately wounded.
The orc warrior misses you. The radroach completely misses you.
The radroach claws you but does no damage.
You hit the radroach.
The radroach is heavily wounded.
You hit the radroach.
The radroach is heavily wounded.
You block the orc warrior's attack. The radroach completely misses you.
The radroach barely misses you.
You hit the radroach.
The radroach is heavily wounded.
You barely miss the radroach.
The radroach is heavily wounded.
You block the orc warrior's attack. The radroach bites you!!
The radroach barely misses you.
You hit the radroach but do no damage.
The radroach looks as sick as possible!
The radroach is heavily wounded.
The orc warrior closely misses you.
There is a staircase back to the Dungeon here.
You barely miss the radroach.
The radroach is severely wounded.
The radroach bites you!! The radroach misses you.
The troll shouts!
You hit the radroach but do no damage.
The radroach looks as sick as possible!
The radroach is severely wounded.
You hit the radroach but do no damage.
The radroach looks as sick as possible!
The radroach is severely wounded.
You block the radroach's attack. The radroach claws you.
The orc hits you with a +0 flail. The radroach bites you.
The radroach closely misses you.
The orc warrior hits you with a +0 hand axe!
You climb upwards.
Welcome back to the Dungeon!
There is a staircase to the Orcish Mines here.
The radroach erupts in a fountain of uncontrolled magic!
The orc is blasted with magical radiation!!!
The orc dies!
You are blasted with magical radiation!!!
Ouch! That really hurt!
You die...

......# #.#### ...... #..#.#
####### ..#### #..###. ###.....
..# #.##.#. ##.#...### ..####
#...#.. #......#.# ...... #.#....
#.#..#.#. ###### #. #...
##.o..##.# ## # ##
#..##)>.#..#.##.# #######
#....@B#.)#...#.###### .....<#
#.#.#.[##..##.#.##.... .†....#.
##.###[..#..#...##....
......##..###...#.#.#..#..###....
########.....)##..#...##.#.######
#############..##.##.##..###
......##))..#)#.....#..#...######
.......)#..#.###..####...####....
......##.....÷..#.# #..#..###.###


You could see a radroach (extremely poisoned) and an orc warrior.

Vanquished Creatures
  A dire elephant (Lair:6)
  8 hydras
  Erica (Lair:2)
  2 two-headed ogres
  A catoblepas (Lair:6)
  A death knight (D:11)
  A deep troll shaman (Lair:6)
  12 death yaks
  A skeletal warrior (D:12)
  A lindwurm (Lair:6)
  A cyclops (D:11)
  An orc sorcerer (Orc:1)
  An oklob plant (Lair:6)
  7 elephants
  A black mamba (Lair:6)
  2 merfolk sirens (Lair:2)
  Joseph (D:10)
  7 cane toads
  2 gargoyles
  Maggie (D:8)
  2 unseen horrors
  4 rime drakes
  4 komodo dragons
  3 trolls
  2 polar bears (Lair:6)
  A hornet (D:7)
  11 blink frogs
  6 dream sheep
  A wraith (D:11)
  3 wyverns
  Sigmund (D:4)
  37 yaks
  3 basilisks
  Grum (D:10)
  4 vampire mosquitoes (D:11)
  A steam dragon (D:8)
  3 nagas
  2 acid dragons (D:12)
  13 water moccasins
  2 sky beasts
  An ice beast (D:7)
  5 black bears
  10 orc warriors
  12 wolves
  6 ogres
  4 centaurs
  A phantom (D:5)
  2 kobold brigands
  19 bullfrogs
  A wyvern zombie (D:6)
  2 scorpions (D:5)
  A water moccasin skeleton (D:4)
  10 killer bees
  An electric eel (D:7)
  8 howler monkeys
  A centaur zombie (D:9)
  2 hounds
  5 orc priests
  A centaur skeleton (D:7)
  A bullfrog skeleton (D:5)
  4 jellies
  3 iguanas
  9 orc wizards
  A mummy (D:5)
  A hound skeleton (D:3)
  A howler monkey zombie (D:7)
  3 gnolls (D:3)
  A howler monkey skeleton (D:7)
  6 adders
  A shadow imp (D:5)
  2 white imps
  An ufetubus (D:6)
  4 worms
  4 dart slugs
  43 orcs
  5 bats
  6 endoplasms
  6 giant cockroaches
  6 goblins
  10 hobgoblins
  3 quokkas
  7 ball pythons
  4 frilled lizards
  A hobgoblin zombie (D:5)
  9 kobolds
  A kobold zombie (D:5)
  2 orc zombies (D:5)
  7 rats
401 creatures vanquished.

Vanquished Creatures (collateral kills)
  A boulder beetle (Lair:6)
  3 death yaks (Lair:5)
  3 elephants (Lair:6)
  A black mamba (Lair:6)
  A cane toad (Lair:6)
  A yak (Lair:6)
  A vampire mosquito (D:11)
  A water moccasin (D:7)
  An orc warrior (D:12)
  A bullfrog (Lair:2)
  4 wights (D:9)
  An iguana (D:7)
  2 orc wizards (D:12)
21 creatures vanquished.

Vanquished Creatures (others)
  A black mamba (Lair:6)
  A troll (D:11)
  A vampire mosquito (D:11)
  A wolf (D:10)
  A wight (D:9)
  An orc wizard (D:6)
  A gnoll (D:3)
  An orc (D:12)
  76 fungi
  50 plants
134 creatures vanquished.

Grand Total: 556 creatures vanquished

Notes
Turn   | Place    | Note
-------+----------+-------------------------------------------
     0 | D:1      | miscthings the Demigod Artificer began the quest for the
                  | Orb.
     0 | D:1      | Reached XP level 1. HP: 15/15 MP: 3/3
    57 | D:1      | Reached skill level 1 in Fighting
    57 | D:1      | Reached skill level 1 in Dodging
   642 | D:1      | Reached XP level 2. HP: 7/23 MP: 4/4
  1779 | D:2      | Reached XP level 3. HP: 25/28 MP: 5/5
  3305 | D:3      | Found Foeth's Jewellery Emporium.
  3408 | D:3      | Noticed a black bear
  3416 | D:3      | Reached XP level 4. HP: 36/36 MP: 6/6
  3425 | D:3      | Killed a black bear
  3426 | D:3      | Reached XP level 5. HP: 42/42 MP: 7/7
  4566 | D:4      | Noticed Sigmund
  4583 | D:4      | Killed Sigmund
  4584 | D:4      | Reached XP level 6. HP: 46/51 MP: 8/8
  4905 | D:4      | Noticed an angel
  4912 | D:4      | Noticed a profane servitor
  5059 | D:4      | Found Roqua's Antique Weapon Emporium.
  5115 | D:5      | Entered Level 5 of the Dungeon
  5141 | D:5      | Reached XP level 7. HP: 25/57 MP: 9/9
  5737 | D:5      | Reached skill level 5 in Evocations
  6469 | D:5      | Reached XP level 8. HP: 16/67 MP: 10/10
  6834 | D:4      | Bought a bloodstained spear for 232 gold pieces
  6834 | D:4      | Identified the +6 spear "Orb Guardian's Bane" {venom, rC+
                  | Will- rCorr Stlth+} (You bought it in a shop on level 4 of
                  | the Dungeon)
  7065 | D:6      | Found a staircase to the Ecumenical Temple.
  7083 | D:6      | Reached skill level 1 in Polearms
  7200 | D:6      | Reached skill level 2 in Polearms
  7225 | D:6      | Reached skill level 3 in Polearms
  7406 | D:6      | Reached skill level 4 in Polearms
  7565 | D:6      | Reached skill level 5 in Polearms
  8190 | D:7      | Found a transporter.
  8190 | D:7      | Noticed a two-headed ogre
  8201 | D:7      | Noticed a moth of wrath
  8207 | D:7      | Found a transporter.
  8211 | D:7      | Noticed Bediveer's ghost (novice MiFi)
  8283 | D:6      | Reached skill level 6 in Polearms
  8616 | D:7      | Reached XP level 9. HP: 66/72 MP: 11/11
  8672 | D:7      | Reached skill level 7 in Polearms
  8739 | D:7      | Reached skill level 8 in Polearms
  8749 | D:7      | Identified the +3 leather armour of Hedge Wizardry {Will+}
  9031 | D:7      | Reached skill level 9 in Polearms
  9547 | D:8      | Noticed a green death
  9744 | D:8      | Noticed Maggie
  9762 | D:8      | Killed Maggie
  9763 | D:8      | Reached skill level 10 in Polearms
  9803 | D:8      | Gained mutation: Armour fits poorly on your strangely
                  | shaped body. [potion of mutation]
  9803 | D:8      | Gained mutation: You have a considerably increased
                  | reservoir of magic. (+20% MP) [potion of mutation]
  9947 | D:8      | Reached XP level 10. HP: 61/80 MP: 14/14
 10120 | D:9      | Noticed a two-headed ogre
 10147 | D:9      | Killed a two-headed ogre
 10148 | D:9      | Reached skill level 11 in Polearms
 10839 | D:10     | Entered Level 10 of the Dungeon
 10850 | D:10     | Found Omamuy Zidaq's Distillery.
 10881 | D:10     | Noticed Grum
 10891 | D:10     | Noticed Joseph
 10912 | D:10     | Killed Grum
 11138 | D:10     | Found Memulutoff's Antique Armour Emporium.
 11145 | D:10     | Bought a smoking helmet for 256 gold pieces
 11145 | D:10     | Identified the +0 helmet of Uskayaw's Approval {Int+6} (You
                  | bought it in a shop on level 10 of the Dungeon)
 11163 | D:10     | Found Hemn's Assorted Antiques.
 11283 | D:10     | Reached skill level 12 in Polearms
 11325 | D:10     | Bought a scroll labelled POQEMOUTRE for 24 gold pieces
 11325 | D:10     | Bought a scroll labelled LUCODU HANUMUS for 24 gold pieces
 11325 | D:10     | Bought a scroll labelled HEYSEM PUTIL for 24 gold pieces
 11394 | D:10     | Killed Joseph
 11395 | D:10     | Reached skill level 1 in Shields
 11593 | D:10     | Found a staircase to the Lair.
 11604 | D:10     | Found Goutofi's Armour Emporium.
 11624 | D:10     | Reached skill level 5 in Armour
 11636 | D:10     | Found Aricos's Gadget Gallery.
 12301 | Lair:1   | Entered Level 1 of the Lair of Beasts
 12310 | Lair:1   | Reached skill level 1 in Throwing
 12319 | Lair:1   | Noticed a six-headed hydra
 12330 | Lair:1   | Killed a six-headed hydra
 13591 | Lair:1   | Reached skill level 5 in Dodging
 13597 | Lair:1   | Reached skill level 5 in Fighting
 13597 | Lair:1   | Reached XP level 11. HP: 86/86 MP: 15/15
 13740 | Lair:2   | Found a staircase to the Snake Pit.
 13765 | Lair:2   | Noticed Erica
 13813 | Lair:2   | Killed Erica
 14199 | Lair:2   | Found a staircase to the Shoals.
 14374 | Lair:2   | Upgraded the game from 0.28-a0-1555-g9ae15a6949 to
                  | 0.28-a0-1567-g1695149f81
 14406 | Lair:3   | Reached skill level 1 in Stealth
 15006 | Lair:3   | Got the Incunabulum of Spatial Envenoming
 15467 | Lair:4   | You fall into a shaft and drop 1 floor!
 15609 | Lair:4   | Identified the +6 quarterstaff of Ses Wuong {spect, rC+}
 15624 | Lair:4   | Noticed a six-headed hydra
 15641 | Lair:4   | Killed a six-headed hydra
 16010 | Lair:4   | Noticed a seven-headed hydra
 16026 | Lair:4   | Killed a seven-headed hydra
 16385 | Lair:5   | Noticed an eight-headed hydra
 16480 | Lair:5   | Reached XP level 12. HP: 75/97 MP: 16/16
 16776 | Lair:6   | Entered Level 6 of the Lair of Beasts
 16920 | Lair:6   | Noticed a boulder beetle
 16940 | Lair:6   | Killed a boulder beetle
 16989 | Lair:6   | Reached skill level 5 in Stealth
 17073 | Lair:6   | Noticed a six-headed hydra
 17397 | Lair:5   | Killed an eight-headed hydra
 17453 | Lair:5   | Noticed a six-headed hydra
 17463 | Lair:5   | Killed a six-headed hydra
 17889 | Lair:5   | Reached XP level 13. HP: 88/107 MP: 17/17
 19038 | Lair:6   | Found a staircase to the Slime Pits.
 19188 | Lair:6   | Noticed a dire elephant
 19666 | Lair:6   | Killed a dire elephant
 19999 | D:11     | Found a runed translucent door.
 19999 | D:11     | Noticed kaffeinatedkobold's ghost (journeyman TrHu)
 20129 | D:11     | Noticed Sonja
 20130 | D:11     | Noticed Sonja
 20130 | D:11     | Sonja changed into Sonja the naga
 20141 | D:11     | Killed Sonja the naga
 20430 | D:11     | Learned a level 1 spell: Animate Skeleton
 20578 | D:11     | Identified the +0 chain mail of Objectivity {Stlth+}
 21342 | D:12     | Found a staircase to the Orcish Mines.
 21454 | Orc:1    | Entered Level 1 of the Orcish Mines
 21616 | Orc:1    | Noticed an orc warlord
 21617 | Orc:1    | an orc warlord changed into a radroach
 21665 | D:12     | Annihilated by a radroach

Illustrated notes

Levels and vault maps discovered:
D:1:      onia_arrival_handbag, layout_loops_ring,
          shapermc_ecumenical_altar_mp_ritualfount, minivault_11, nrook_uturn
D:2:      mumra_celtic_spiral_tile, layout_basic,
          amcnicky_mini_rare_corridor_liquid, minmay_statues_item
D:3:      layout_rooms, serial_shops, shop, grunt_ministairs_3
D:4:      layout_loops_ring, grunt_temple_overflow_holy_war, serial_aquarium,
          aquarium_bridge_long_joined [aquarium_subvault_balcony,
          aquarium_subvault_wall, aquarium_subvault_bridge,
          aquarium_subvault_wall, aquarium_subvault_wall,
          aquarium_subvault_wall], aquarium_window_fake,
          aquarium_window_corridor_3, aquarium_window_1, aquarium_view_2c,
          aquarium_pool_five, serial_shops, nicolae_shop_behind_doors,
          minmay_misc_feat_x, uniq_sigmund
D:5:      layout_layer_cave, mainiacjoe_overflow_concentric_impassable,
          cheibrodos_sewer_entry_bend, minmay_mini_ossuary
D:6:      layout_basic, kennysheep_mini_moat, kennysheep_little_box,
          minmay_temple_entry_mini_moons
D:7:      minmay_razor_zed, layout_rooms, mainiacjoe_overflow_boulevard,
          gammafunk_ghost_wrathful_warriors, minivault_4, minivault_5,
          minmay_misc_feat_nine_boxes, kennysheep_flooded_box, kennysheep_nub,
          minmay_liquid_box
D:8:      layout_cave_pools, makhleb_altar_promises_db,
          nicolae_overflow_hidden_temple, uniq_maggie
D:9:      layout_rooms, nicolae_hepliaklqana_hippocampus,
          mainiacjoe_overflow_big_doors, nrook_mini_backslash
D:10:     layout_cave_pools, general_overflow_altar,
          mainiacjoe_overflow_six_doors_small, dpeg_oklobed_lair, serial_shops,
          nicolae_take_the_stairs, shop, nicolae_stop_n_shop_2, shop,
          nicolae_shop_gadgets, uniq_joseph, uniq_grum
D:11:     layout_irregular_city, hellmonk_ghost_happy_afterlife, uniq_sonja
D:12:     layout_long_grid, erik_orc_3, enter_trove_5, nicolae_water_bricks
Lair:1:   layout_cave_pods
Lair:2:   layout_hall_layers, elwin_shoals_entry_rooms,
          minmay_snake_entry_guardpost_small, serial_bayou_pond_d, uniq_erica
Lair:3:   layout_layer_cave, grunt_megastairs_2
Lair:4:   layout_misc_corridors, infiniplex_staircase_pool_2
Lair:5:   layout_regular_city, st_stairs_8
Lair:6:   grunt_lair_end_beastmaster, layout_regular_city,
          dpeg_slime_entry_enclosed_altar, small_statue_intersection,
          grunt_megastairs_5
Orc:1:    layout_diamond_mine, basic_altar

Skill      XL: |  1  2  3  4  5  6  7  8  9 10 11 12 13 |
---------------+----------------------------------------+-----
Fighting       | 1 2 3 4 5 6 7 9 |  9.1
Dodging        | 1 2 3 4 5 6 7 9 |  9.1
Armour         | 2 3 4 5 6 8 9 |  9.3
Evocations     | 3 4 5 7 8 9 |  9.6
Polearms       | 6 10 12 | 12.0
Shields        | 2 4 |  4.0
Throwing       | 1 4 |  4.0
Stealth        | 3 5 7 |  7.6

Action                   |  1- 3 |  4- 6 |  7- 9 | 10-12 | 13-15 || total
-------------------------+-------+-------+-------+-------+-------++-------
Melee: Club              |    63 |       |       |       |       ||    63
       Dagger            |   176 |   199 |   200 |       |       ||   575
       Punch             |     2 |     6 |    12 |     2 |       ||    22
       Spear             |       |       |   294 |   873 |   744 ||  1911
Throw: Javelin           |       |       |       |       |     4 ||     4
       Dart              |       |       |       |       |     1 ||     1
 Cast: Animate Skeleton  |       |       |       |       |     5 ||     5
Evoke: Piece from Xom's  |     3 |     6 |    16 |    24 |     7 ||    56
       Wand              |     2 |    14 |    13 |    23 |    16 ||    68
  Use: Scroll            |       |       |     7 |    13 |     7 ||    27
       Potion            |       |       |     2 |     1 |     1 ||     4
 Stab: Sleeping          |     4 |     2 |     4 |    13 |     3 ||    26
       Paralysed         |     2 |     6 |       |     9 |       ||    17
       Petrified         |       |    11 |    21 |       |       ||    32
       Distracted        |       |       |     1 |     6 |     2 ||     9
Armor: Leather armour    |    60 |    23 |    14 |    93 |   114 ||   304
       Scale mail        |       |       |    38 |       |       ||    38
Dodge: Dodged            |   118 |    70 |   173 |   231 |   262 ||   854
Block: Other             |       |     1 |    71 |    11 |       ||    83
       Reflection        |       |       |     2 |     6 |       ||     8
       Buckler           |       |       |       |   115 |   115 ||   230

Table legend: (Time is in decaauts)
 A = Elapsed time spent in this place.
 B = Non-inter-level travel time spent in this place.
 C = Inter-level travel time spent in this place.
 D = Time resting spent in this place.
 E = Time spent auto-exploring this place.
 F = Levels seen in this place.
 G = Mean time per level.
                   A        B        C        D        E       F      G
               +--------+--------+--------+--------+--------+-----+--------+
         Total |  20724 |  19508 |   1216 |   4933 |   9179 |  19 | 1090.7 |
       Dungeon |  13454 |  12753 |    701 |   4055 |   5540 |  12 | 1121.2 |
          Lair |   7098 |   6584 |    514 |    878 |   3594 |   6 | 1183.0 |
  Orcish Mines |    170 |    170 |      0 |      0 |     44 |   1 |  170.0 |
               +--------+--------+--------+--------+--------+-----+--------+

Top non-repeatable levels by time:
  Lair:6: 1735 daAuts
     D:5: 1576 daAuts
     D:1: 1561 daAuts
  Lair:5: 1484 daAuts
     D:2: 1442 daAuts
     D:4: 1358 daAuts
  Lair:1: 1353 daAuts
    D:10: 1351 daAuts
     D:6: 1136 daAuts
  Lair:3: 1129 daAuts
     D:7: 1032 daAuts
     D:3: 983 daAuts
    D:11: 974 daAuts
     D:9: 851 daAuts
  Lair:2: 710 daAuts
